 Dungeon Crawl Stone Soup version 0.24-a0-368-g0e0cebd0f3 (webtiles) character file.

Game seed: 2663431835606687092

336 tsouns the Poker (level 6, 0/66 HPs)
             Began as an Octopode Fighter on May 29, 2019.
             Succumbed to a killer bee's poison
             ... on level 3 of the Dungeon.
             The game lasted 00:03:43 (1890 turns).

tsouns the Poker (Octopode Fighter)                 Turns: 1890, Time: 00:03:43

Health: 0/66       AC:  1    Str: 20    XL:     6   Next: 54%
Magic:  6/6        EV: 13    Int: 13    God:
Gold:   68         SH:  9    Dex: 11    Spells: 5/5 levels left

rFire    . . .     SeeInvis .   a - +0 trident
rCold    . . .     Gourm    .   b - +0 shield
rNeg     . . .     Faith    .   (helmet restricted)
rPois    .         Spirit   .   (no amulet)
rElec    .         Reflect  .   g - +2 ring of evasion
rCorr    .         Harm     .   (no ring)
MR       .....                  (no ring)
Stlth    ..........             (no ring)
HPRegen  0.21/turn              (no ring)
MPRegen  0.10/turn              (no ring)
                                (no ring)
                                (no ring)

@: berserking, lethally poisoned (0 -> -24), very quick
A: almost no armour, stealthy swim, amphibious, 8 rings, constrict 8, camouflage
1, gelatinous body 1
a: no special abilities


You were on level 3 of the Dungeon.
You were not hungry.

You visited 1 branch of the dungeon, and saw 3 of its levels.

You collected 68 gold pieces.

Inventory:

Hand Weapons
 a - a +0 trident (weapon)
 e - a +1 dagger of venom
Missiles
 l - 8 javelins (quivered)
 p - a throwing net
Armour
 b - a +0 shield (worn)
Jewellery
 g - a +2 ring of evasion (left tentacle)
Scrolls
 i - a scroll of teleportation
 m - a scroll of fear
 n - 2 scrolls of remove curse
Potions
 c - 2 potions of might
 h - a potion of flight {unknown}
 j - a potion of brilliance {unknown}
 k - 2 potions of lignification {unknown}
 o - 2 potions of curing {unknown}
 s - a potion of invisibility {unknown}
Comestibles
 d - 6 rations
 q - 4 chunks of flesh


   Skills:
 + Level 4.3 Fighting
 * Level 4.9 Polearms
 - Level 3.0 Dodging
 + Level 4.2 Stealth
 - Level 3.0 Shields


You had 5 spell levels left.
You didn't know any spells.
Your spell library was empty.

Dungeon Overview and Level Annotations

Branches:
Dungeon (3/15)

Altars:
Ashenzari
Nemelex Xobeh


Innate Abilities, Weirdness & Mutations

You cannot wear most types of armour.
You are very stealthy in the water. (Stealth+)
You are amphibious.
You can wear up to eight rings at the same time.
You can use your tentacles to constrict eight enemies at once.
Your skin changes colour to match your surroundings (Stealth+).
Your rubbery body absorbs attacks. (AC +1, EV +1)


Message History

You are more poisoned.
The killer bee poisons you!
You miss the killer bee. Your grab misses the killer bee.
Your squeeze misses the killer bee.
The killer bee is heavily wounded.
* * * LOW HITPOINT WARNING * * *
You feel sick. The killer bee stings you.
* * * LOW HITPOINT WARNING * * *
You barely miss the killer bee. Your grab misses the killer bee.
You squeeze the killer bee!
You kill the killer bee!
* * * LOW HITPOINT WARNING * * *
You feel sick. You block the killer bee's attack.
You closely miss the killer bee. Your grab misses the killer bee.
* * * LOW HITPOINT WARNING * * *
You feel sick. The killer bee misses you. The killer bee stings you.
* * * LOW HITPOINT WARNING * * *
You puncture the killer bee! Your grab misses the killer bee.
The killer bee is heavily wounded.
You die...

#...........รท.# ######
................# #....#
..#............## #....# #
#.#...........##
#....#######.#.#.####......#
#....'....##.#.#...........##
#....####'##..................
#....#
#...###.#..............#
#....# #...#
#@#..............# ####.#
#...# #y#.##+#.........# #.#
##'## #...##.####......# #.#
#.# ##..##.# ###### #.# #.#
#..##.######### #.# #.#
#..##.##......### #.# #.#
##>...........'.. #.# #.#
####.##......### #.# #.#
#.##......'..


You could see a killer bee.

Vanquished Creatures
  Grinder (D:3)
  A killer bee (D:3)
  4 adders
  2 oozes (D:2)
  2 worms (D:2)
  2 leopard geckos
  An orc (D:2)
  A ball python (D:1)
  8 bats
  A giant cockroach (D:3)
  4 goblins (D:2)
  5 hobgoblins
  2 jackals (D:2)
  3 frilled lizards
  6 kobolds
  7 rats
50 creatures vanquished.

Notes
Turn   | Place    | Note
-------+----------+-------------------------------------------
     0 | D:1      | tsouns the Octopode Fighter began the quest for the Orb.
     0 | D:1      | Reached XP level 1. HP: 16/16 MP: 1/1
   242 | D:1      | Found a shattered altar of Ashenzari.
   243 | D:1      | Reached XP level 2. HP: 21/21 MP: 2/2
   297 | D:1      | Reached skill level 1 in Stealth
   819 | D:2      | Reached XP level 3. HP: 24/26 MP: 3/3
   844 | D:2      | Found a sparkling altar of Nemelex Xobeh.
  1149 | D:2      | Reached XP level 4. HP: 28/31 MP: 4/4
  1504 | D:3      | Noticed Grinder
  1514 | D:3      | Killed Grinder
  1514 | D:3      | Reached XP level 5. HP: 18/37 MP: 5/5
  1514 | D:3      | Reached XP level 6. HP: 21/43 MP: 6/6
  1889 | D:3      | HP: 2/66 [killer bee (2)]
  1890 | D:3      | Succumbed to a killer bee's poison

Levels and vault maps discovered:
D:1:      wander_arrival_desolate, layout_loops_cross, ashenzari_altar_1
D:2:      layout_basic, nemelex_dance_club_becter
D:3:      layout_basic, first_ration, uniq_grinder

Skill      XL: |  1  2  3  4 |
---------------+-------------+-----
Stealth        | 1 2 4 |  4.2
Polearms       | 3 4 |  4.9
Fighting       | 4 |  4.3
Dodging        | |  3.0
Shields        | |  3.0

Action                   |  1- 3 |  4- 6 || total
-------------------------+-------+-------++-------
Melee: Trident           |    81 |    40 ||   121
       Constrict         |    19 |     6 ||    25
       Tentacles         |    12 |     3 ||    15
Throw: Throwing net      |       |     1 ||     1
  Use: Scroll            |       |     4 ||     4
       Potion            |       |     1 ||     1
 Stab: Sleeping          |    13 |     4 ||    17
  Eat: Chunk             |     1 |     2 ||     3
Armor: Skin              |    11 |       ||    11
Dodge: Dodged            |    25 |    13 ||    38
Block: Shield            |    19 |    17 ||    36

Table legend:
 A = Non-vault XP
 B = Vault XP
 C = Vault XP percentage of total XP
 D = Non-vault monster count
 E = Vault monster count
 F = Vault count percentage of total count
                 A         B        C        D         E       F
            +---------+---------+-------+---------+---------+-------
      Total |     191 |     290 |  60.3 |      47 |       3 |   6.0
            +---------+---------+-------+---------+---------+-------
        D:1 |      22 |       0 |   0.0 |      14 |       0 |   0.0
        D:2 |      75 |       9 |  10.7 |      26 |       2 |   7.1
        D:3 |      94 |     281 |  74.9 |       7 |       1 |  12.5
            +---------+---------+-------+---------+---------+-------
